 Dungeon Crawl Stone Soup version 0.16.2-2-g470672f (webtiles) character file.

227 CrazyArbalest the Bolt Thrower (level 5, -6/42 HPs)
             Began as a Centaur Hunter on Aug 21, 2015.
             Killed by nerve-wracking pain
             ... invoked by Grinder
              (11 damage)
             ... while paralysed by Grinder
             ... on level 3 of the Dungeon.
             The game lasted 00:19:54 (4378 turns).

CrazyArbalest the Bolt Thrower (Centaur Hunter)     Turns: 4378, Time: 00:19:54

Health: -6/42      AC:  4    Str: 15    XL:     5   Next: 70%
Magic:  4/4        EV:  1    Int: 15    God:
Gold:   144        SH:  0    Dex: 10    Spells: 0 memorised, 4 levels left

rFire  . . .     SeeInvis .     y - +2 dagger (elec)
rCold  . . .     Clarity  .     d - +0 leather armour
rNeg   . . .     SustAb   .     (no shield)
rPois  .         Gourm    .     (no helmet)
rElec  .         Spirit   .     (no cloak)
rCorr  .         Warding  .     (no gloves)
rMut   .         Stasis   .     (no barding)
MR     .....                    r - amulet of faith (curse)
Stlth  +.........               (no ring)
                                (no ring)

@: paralysed, brilliant, very slightly contaminated, hasted, very quick, not
resistant to hostile enchantments, very unstealthy
A: hooves 3, deformed body, speed 2, tough skin 3
a: no special abilities


You were on level 3 of the Dungeon.
You were hungry.

You visited 1 branch of the dungeon, and saw 3 of its levels.

You collected 144 gold pieces.

Inventory:

Hand weapons
 a - a +0 mace
 b - a +1 hand crossbow
 j - a +0 club
 o - a +0 hand axe
 t - a +0 whip
 y - a +2 dagger of electrocution (weapon)
 C - a +0 whip
Armour
 d - a +0 leather armour (worn)
 p - a +2 chain mail of fire resistance
 s - a cursed +0 ring mail
 u - a +0 helmet
 D - a +0 ring mail
Jewellery
 r - a cursed amulet of faith (around neck)
Magical devices
 E - a wand of polymorph (0)
Scrolls
 e - 5 scrolls of identify {unknown}
 m - a scroll of amnesia {unknown}
 n - a scroll of teleportation {unknown}
 v - 2 scrolls of magic mapping {unknown}
 w - a scroll of fog {unknown}
 A - 2 scrolls of enchant armour {unknown}
Potions
 x - a potion of cancellation {unknown}
 z - a potion of agility {unknown}
Comestibles
 f - 2 bread rations
 h - 2 meat rations
 k - a beef jerky
 B - 2 chunks of flesh


   Skills:
 + Level 2.7 Fighting
 + Level 0.5(0.9) Axes
 + Level 1.0(1.1) Maces & Flails
 * Level 6.0 Crossbows
 + Level 1.2 Armour
 + Level 2.3 Dodging
 + Level 0.5 Stealth


You had 4 spell levels left.
You didn't know any spells.

Dungeon Overview and Level Annotations

Branches:
Dungeon (3/15)

Altars:
The Shining One

Annotations:
D:3 Grinder


Innate Abilities, Weirdness & Mutations

You have hooves in place of feet.
Armour fits poorly on your strangely shaped body.
You cover ground very quickly.
You have extremely tough skin (AC +3).


Message History

Oops, that amulet feels deathly cold.
r - a cursed amulet of faith (around neck) Drink which item? (? for menu, Esc to quit)
Okay, then.
You hit Grinder but do no damage. You kick Grinder, but do no damage.
Grinder is lightly wounded.
Grinder hits you.
* * * LOW HITPOINT WARNING * * *
You writhe in agony.
* * * LOW HITPOINT WARNING * * *
You closely miss Grinder.
Grinder is lightly wounded.
You hit Grinder but do no damage.
Grinder is lightly wounded.
Grinder gestures at you.
You suddenly lose the ability to move!
Grinder hits you but does no damage. Grinder gestures at you.
Pain shoots through your body!
You die...

# ############################ .#
##.....#.......#....#......)#
..###......'.......#....#.....))'
...#.......#########....#########
...#.(.§..........#......#.......
...'.(............))....)).....).
...#.............)#......#.....).
...#.......#########....#########
..###.....)((..5@..#))..#.......'
.# ##.....#(..((..#....#.......#
#####################('##########
≈≈≈≈≈≈≈≈≈≈≈≈≈≈≈≈≈≈≈.....≈≈≈≈≈≈≈≈≈
≈≈≈≈≈≈≈≈≈≈≈≈≈≈≈≈≈≈≈≈....≈≈≈≈≈≈≈≈≈
≈≈≈≈≈≈≈≈≈≈≈≈≈≈≈≈≈≈≈...)..≈≈≈≈≈≈≈≈
≈..≈.≈.≈≈.≈≈.≈≈≈≈..≈.....≈≈.≈.≈.≈
.................................
......................)..........


You could see Grinder.

Vanquished Creatures
  Ijyb (D:3)
  Jessica (D:3)
  Terence (D:2)
  Robin (D:2)
  3 gnolls
  An adder (D:2)
  3 worms (D:3)
  4 giant geckos
  3 orcs (D:3)
  5 giant cockroaches
  22 hobgoblins
  8 jackals
  2 quokkas
  4 giant newts
  34 goblins
  5 kobolds
  5 rats
  3 toadstools (D:1)
106 creatures vanquished.

Vanquished Creatures (others)
  A toadstool (D:1)
1 creature vanquished.

Grand Total: 107 creatures vanquished

Notes
Turn   | Place    | Note
--------------------------------------------------------------
     0 | D:1      | CrazyArbalest, the Centaur Hunter, began the quest for the Orb.
     0 | D:1      | Reached XP level 1. HP: 17/17 MP: 1/1
   317 | D:1      | Reached XP level 2. HP: 24/24 MP: 2/2
   323 | D:1      | Reached skill level 5 in Crossbows
   798 | D:2      | Noticed Terence
   858 | D:2      | Killed Terence
   858 | D:2      | Reached XP level 3. HP: 25/29 MP: 3/3
   943 | D:2      | Noticed Robin
  1567 | D:2      | Killed Robin
  1567 | D:2      | Reached XP level 4. HP: 17/36 MP: 3/3
  1970 | D:2      | Found a glowing golden altar of the Shining One.
  2705 | D:3      | Noticed Ijyb
  2720 | D:3      | Killed Ijyb
  2969 | D:3      | Reached XP level 5. HP: 32/42 MP: 4/4
  3274 | D:3      | Reached skill level 1 in Armour
  3605 | D:3      | Reached skill level 1 in Maces & Flails
  3733 | D:3      | Noticed Jessica
  3801 | D:3      | Killed Jessica
  4052 | D:3      | Reached skill level 6 in Crossbows
  4278 | D:3      | Noticed Grinder
  4332 | D:3      | Paralysed by Grinder for 3 turns
  4344 | D:3      | Paralysed by Grinder for 7 turns
  4376 | D:3      | Paralysed by Grinder for 2 turns
  4378 | D:3      | Killed from afar by Grinder

Action                   |  1- 3 |  4- 6 || total
-------------------------+-------+-------++-------
Melee: Hand axe          |    42 |    19 ||    61
       Short sword       |     8 |       ||     8
       Club              |     7 |       ||     7
       Mace              |    43 |   197 ||   240
       Dagger            |       |     3 ||     3
 Fire: Hand crossbow     |    21 |    31 ||    52
  Use: Potion            |       |     4 ||     4
  Eat: Chunk             |     1 |     8 ||     9
